 Dungeon Crawl Stone Soup version 0.29.0-11-gd7f09526c8 (webtiles) character file.

Game seed: 1296879687832736655

604 Powertoast the Sneak (level 7, 0/35 HPs)
             Began as a Spriggan Enchanter on Sept 4, 2022.
             Killed by divine providence
             ... invoked by an orc priest
              (12 damage)
             ... on level 6 of the Dungeon.
             The game lasted 00:18:59 (6324 turns).

Powertoast the Sneak (Spriggan Enchanter)           Turns: 6324, Time: 00:18:59

Health: 0/35       AC:  4    Str:  4    XL:     7   Next: 18%
Magic:  7/12       EV: 18    Int: 16    God:
Gold:   225        SH:  0    Dex: 18    Spells: 10/12 levels left

rFire   + . .      SeeInvis +   a - +1 dagger
rCold   + . .      Faith    .   (no shield)
rNeg    . . .      Spirit   .   b - +0 robe
rPois   .          Reflect  .   (helmet restricted)
rElec   .          Harm     .   k - +1 cloak
rCorr   .          Rampage  .   (gloves unavailable)
Will    +....                   (boots unavailable)
Stlth   ++++......              (no amulet)
HPRegen 0.11/turn               n - ring of protection from cold
MPRegen 0.13/turn               w - ring of protection from fire

@: very quick
A: very small, no large weapons, unfitting armour, see invisible, speed 3
a: no special abilities


You were on level 6 of the Dungeon.
You visited 1 branch of the dungeon, and saw 6 of its levels.

You collected 225 gold pieces.

Inventory:

Hand Weapons
 a - a +1 dagger (weapon)
Missiles
 g - 2 throwing nets
Armour
 b - a +0 robe (worn)
 k - a +1 cloak (worn)
Jewellery
 n - a ring of protection from cold (left hand)
 w - a ring of protection from fire (right hand)
Scrolls
 d - a scroll of enchant weapon
 e - a scroll of immolation {unknown}
 f - a scroll of brand weapon {unknown}
 j - a scroll of noise {unknown}
 l - a scroll of vulnerability {unknown}
 m - 4 scrolls of fog
 p - a scroll of amnesia
 q - a scroll of magic mapping {unknown}
 s - 2 scrolls of enchant armour
 t - a scroll of summoning {unknown}
 v - a scroll of teleportation {unknown}
 y - a scroll of fear {unknown}
Potions
 c - 3 potions of invisibility
 h - 2 potions of brilliance {unknown}
 i - a potion of heal wounds {unknown}
 o - 2 potions of curing {unknown}
 r - a potion of might {unknown}
 u - a potion of magic {unknown}
 x - a potion of ambrosia {unknown}
 z - 2 potions of haste {unknown}


   Skills:
 - Level 2.0 Fighting
 + Level 6.3 Short Blades
 - Level 3.0 Dodging
 + Level 7.5 Stealth
 - Level 3.0 Spellcasting
 - Level 4.0 Hexes


You had 10 spell levels left.
You knew the following spells:

 Your Spells              Type           Power      Damage    Failure   Level
a - Ensorcelled Hibernat  Hex/Ice        16%        N/A       12%         2

Your spell library contained the following spells:

 Spells                   Type           Power      Damage    Failure   Level
 Confusing Touch          Hex            15%        N/A       11%         3
 Tukima's Dance           Hex            15%        N/A       11%         3
 Dazzling Flash           Conj/Hex       16%        N/A       24%         3
 Static Discharge         Conj/Air       2%         3-4/arc   28%         2
 Conjure Flame            Conj/Fire      2%         6-21      50%         3
 Ignite Poison            Fire/Tmut/Pois 2%         N/A       50%         3
 Sticky Flame             Conj/Fire      2%         2d3       88%         4
 Lightning Bolt           Conj/Air       1%         1d12      99%         5
 Maxwell's Capacitive Co  Air            1%         ∞         100%        8


Dungeon Overview and Level Annotations

Branches:
Dungeon (6/15)
 Temple: D:4-7

Altars:

Annotations:
D:3 2 transporters, hilljack's ghost, amateur GrIE
D:5 Grinder


Innate Abilities, Weirdness & Mutations

You are very small and have problems with some larger weapons.
You are too small for most types of armour.
You have supernaturally acute eyesight. (SInv)
You cover ground extremely quickly. (Speed+++)


Message History

Confirm with . or Enter, or press ? or * to list all spells.
Aiming: Ensorcelled Hibernation (safe; 12% risk of failure)
Press: ? - help, Shift-Dir - straight line, f - orc wizard
Aim: an orc wizard, wielding a +0 dagger and wearing a +0 robe (chance to affect: 41%)
Okay, then.
The orc priest shouts!
The orc shouts!
You hit the orc wizard but do no damage.
Casting: Ensorcelled Hibernation (safe; 12% risk of failure)
Confirm with . or Enter, or press ? or * to list all spells.
Aiming: Ensorcelled Hibernation (safe; 12% risk of failure)
Press: ? - help, Shift-Dir - straight line, f - orc wizard
Aim: an orc wizard, wielding a +0 dagger and wearing a +0 robe (chance to affect: 41%)
The orc wizard resists with some effort.
The orc wizard misses you.
Casting: Ensorcelled Hibernation (safe; 12% risk of failure)
Confirm with . or Enter, or press ? or * to list all spells.
Aiming: Ensorcelled Hibernation (safe; 12% risk of failure)
Press: ? - help, Shift-Dir - straight line, f/p - orc wizard
Aim: an orc wizard, wielding a +0 dagger and wearing a +0 robe (chance to affect: 41%)
The orc wizard resists with some effort.
The orc wizard barely misses you.
Casting: Ensorcelled Hibernation (safe; 12% risk of failure)
Confirm with . or Enter, or press ? or * to list all spells.
Aiming: Ensorcelled Hibernation (safe; 12% risk of failure)
Press: ? - help, Shift-Dir - straight line, f/p - orc wizard
Aim: an orc wizard, wielding a +0 dagger and wearing a +0 robe (chance to affect: 41%)
The orc wizard resists with some effort.
The orc wizard mumbles some strange words.
The orc wizard flickers and vanishes for a moment.
The orc priest invokes the aid of Beogh against you.
Beogh smites you!
The orc wizard points at you and mumbles some strange words.
You resist with almost no effort.
The orc priest looks braver for a moment.
The orc wizard points at you and mumbles some strange words.
You resist with almost no effort.
There is a stone staircase leading up here.
The orc priest mumbles some strange prayers to Beogh against you.
Beogh smites you!
You die...

##...##.............
#..o.............##.
#................# .
#....#########......
#.oo.# #...##.
##...# #...# .
#...## .... #....#
#.@..+ #....# ######


You could see an orc priest, an orc wizard (invisible) and an orc.

Vanquished Creatures
  2 ogres
  A phantom (D:4)
  2 scorpions
  Jessica (D:3)
  2 iguanas
  Robin (D:3)
  6 adders
  A shadow imp (D:6)
  A worm (D:2)
  A dart slug (D:5)
  9 orcs
  7 ball pythons
  6 endoplasms
  A giant cockroach (D:3)
  15 goblins
  3 hobgoblins
  6 kobolds
  6 quokkas
  2 bats (D:2)
  5 frilled lizards
  7 rats
85 creatures vanquished.

Notes
Turn   | Place    | Note
-------+----------+-------------------------------------------
     0 | D:1      | Powertoast the Spriggan Enchanter began the quest for the
                  | Orb.
     0 | D:1      | Reached XP level 1. HP: 9/9 MP: 5/5
   540 | D:1      | Reached XP level 2. HP: 11/13 MP: 6/6
   595 | D:1      | Learned a level 2 spell: Ensorcelled Hibernation
  1796 | D:2      | Reached skill level 5 in Stealth
  1902 | D:2      | Reached XP level 3. HP: 16/16 MP: 5/8
  2885 | D:3      | Found a faded altar of an unknown god.
  2929 | D:3      | Noticed Jessica
  2934 | D:3      | Killed Jessica
  2935 | D:3      | Reached XP level 4. HP: 21/21 MP: 6/9
  3001 | D:3      | Noticed Robin
  3134 | D:3      | Killed Robin
  3272 | D:3      | Found a transporter.
  3299 | D:3      | Noticed hilljack's ghost (amateur GrIE)
  3300 | D:3      | Found a transporter.
  4210 | D:3      | Reached XP level 5. HP: 24/24 MP: 3/10
  4803 | D:4      | Noticed an ogre
  4810 | D:4      | Killed an ogre
  4811 | D:4      | Reached skill level 1 in Fighting
  4811 | D:4      | Reached skill level 5 in Short Blades
  4836 | D:4      | Noticed a phantom
  4872 | D:4      | Killed a phantom
  4873 | D:4      | Reached XP level 6. HP: 14/30 MP: 11/11
  5635 | D:5      | Entered Level 5 of the Dungeon
  5818 | D:5      | Reached skill level 6 in Stealth
  6143 | D:5      | Noticed Grinder
  6208 | D:5      | Reached skill level 7 in Stealth
  6208 | D:5      | Reached XP level 7. HP: 35/35 MP: 12/12
  6324 | D:6      | Killed from afar by an orc priest

Illustrated notes

Levels and vault maps discovered:
D:1:      dpeg_arrival_chambers_temple_mockup, layout_basic
D:2:      layout_loops_ring, hex_tiny
D:3:      layout_loops_corners, ebering_ecumenical_altar_rust,
          gammafunk_ghost_mausoleum, columned_hall_lemuel, uniq_robin,
          uniq_jessica
D:4:      layout_basic, solitary_fountain, minmay_diced_spiral
D:5:      layout_loops_corners, uniq_grinder
D:6:      layout_gridville, minmay_temple_entry_antechambers,
          portal_sewer_entry_b

Skill      XL: |  1  2  3  4  5  6 |
---------------+-------------------+-----
Dodging        | 3 |  3.0
Spellcasting   | 3 |  3.0
Hexes          | 4 |  4.0
Stealth        | 5 7 |  7.5
Short Blades   | 2 3 4 5 6 |  6.3
Fighting       | 2 |  2.0

Action                   |  1- 3 |  4- 6 |  7- 9 || total
-------------------------+-------+-------+-------++-------
Melee: Dagger            |    87 |   123 |     3 ||   213
       Punch             |       |     2 |       ||     2
 Cast: Ensorcelled Hiber |    30 |    36 |     3 ||    69
  Use: Scroll            |     1 |     6 |       ||     7
 Stab: Sleeping          |    25 |    31 |     2 ||    58
Armor: Robe              |     4 |    11 |     1 ||    16
Dodge: Dodged            |    60 |    58 |     2 ||   120
